 Dungeon Crawl Stone Soup version 0.17.1-2-g5865329 (webtiles) character file.

1778355 Zargon the Axe Maniac (level 27, 218/254 HPs)
             Began as a Hill Orc Chaos Knight on May 2, 2016.
             Was the Champion of the Shining One.
             Escaped with the Orb
             ... and 4 runes on May 5, 2016!
             The game lasted 17:27:55 (132218 turns).

Zargon the Axe Maniac (Hill Orc Chaos Knight)     Turns: 132218, Time: 17:27:55

Health: 218/254    AC: 36    Str: 26    XL:     27
Magic:  29/29      EV: 16    Int: 25    God:    the Shining One [******]
Gold:   2791       SH:  0    Dex: 12    Spells: 14 memorised, 1 level left

rFire  + + .     SeeInvis +     a - +2 executioner's axe (flame)
rCold  . . .     Clarity  .     F - +8 fire dragon armour {rF++, rC-}
rNeg   + + +     SustAt   .     (shield currently unavailable)
rPois  +         Gourm    .     O - +2 helmet {Int+3} {Int+3}
rElec  +         Spirit   .     Q - +2 cloak of the Thief {+Fog Slay-2 SInv Stlth+}
rCorr  +         Warding  +     U - +2 pair of gloves
rMut   .         Stasis   .     l - +0 pair of boots of the Cockroach {Regen+ rCorr}
MR     ++++.                    v - macabre finger necklace {Ward rN+}
Stlth  +.........               k - ring "Zetuwa" {rC+ Dex+2}
                                y - ring of Untruth {MR++ Str+4 Int+3 Dex-5}
                                L - ring "Hast" {rElec rPois MP-9 Int+6}

@: mildly poisoned (218 -> 218), glowing, incredibly resistant to hostile
enchantments, very unstealthy
A: no striking features
a: Divine Shield, Cleansing Flame, Summon Divine Warrior, Renounce Religion,
Evoke Fog
0: Orb of Zot
}: 4/15 runes: barnacled, slimy, silver, gossamer


You escaped.
You worshipped the Shining One.
The Shining One was exalted by your worship.
You were hungry.

You visited 11 branches of the dungeon, and saw 62 of its levels.
You visited 1 ziggurat, and saw 11 of its levels.
You also visited: Sewer, Ice Cave, Volcano and Wizlab.

You collected 8906 gold pieces.
You spent 6115 gold pieces at shops.

Inventory:

Hand Weapons
 a - a +2 executioner's axe of flaming (weapon)
 b - a +9 arbalest of holy wrath
 j - a +6 arbalest of flaming
 q - a +6 battleaxe of freezing
Missiles
 s - 4 throwing nets (quivered) {=f}
 t - 193 bolts of frost
 H - 92 silver bolts
 K - 108 bolts of penetration
 N - 1074 bolts
Armour
 l - the +0 pair of boots of the Cockroach (worn) {Regen+ rCorr}
   (You acquired it on level 10 of a ziggurat)

   It increases your rate of regeneration.
   It protects you from acid and corrosion.
 F - a +8 fire dragon armour (worn) {rF++, rC-}
 O - a +2 helmet of intelligence (worn) {Int+3}
 Q - the +2 cloak of the Thief (worn) {+Fog Slay-2 SInv Stlth+}
   (You found it in a wizard's laboratory)

   It affects your accuracy and damage with ranged weapons and melee attacks
   (-2).
   It lets you see invisible.
   It can be evoked to emit clouds of fog.
   It makes you more stealthy.
 U - a +2 pair of gloves (worn)
Magical Staves
 g - an uncursed staff of energy {+MP, hungerless spells, !d!a}
Rods
 i - a +2 rod of ignition (12/12) {!a}
   (You found it on level 6 of a ziggurat)
 u - a +7 rod of shadows (11/11)
   (You found it on level 7 of a ziggurat)
Jewellery
 e - the ring of Emibb {+Fly rElec}
   (You found it on level 6 of the Pits of Slime)

   [ring of flight]

   It insulates you from electricity.
   It lets you fly.
 k - the ring "Zetuwa" (right hand) {rC+ Dex+2}
   (You found it on level 3 of the Crypt)

   [ring of protection from cold]

   It affects your dexterity (+2).
   It protects you from cold.
 n - an uncursed amulet of resist corrosion
 v - the macabre finger necklace (around neck) {Ward rN+}
   (You found it on level 5 of the Vaults)

   [amulet of warding]

   It may prevent the melee attacks of summoned creatures.
   It protects you from negative energy.
 x - the ring "Luchui Kerch" {-Tele rPois AC+3 Str+5}
   (You found it on level 3 of the Crypt)

   [ring of protection]

   It affects your AC (+3).
   It affects your strength (+5).
   It protects you from poison.
   It prevents most forms of teleportation.
 y - the ring of Untruth (left hand) {MR++ Str+4 Int+3 Dex-5}
   (You found it on level 3 of the Realm of Zot)

   [ring of intelligence]

   It affects your strength (+4).
   It affects your intelligence (+3).
   It affects your dexterity (-5).
   It affects your resistance to hostile enchantments.
 B - the amulet "Lusik" {+Rage rPois Str+3 Dex+2}
   (You took it off an ironbrand convoker on level 5 of the Vaults)

   [amulet of rage]

   It affects your strength (+3).
   It affects your dexterity (+2).
   It protects you from poison.
   It lets you go berserk.
 J - an uncursed ring of sustain attributes
 L - the ring "Hast" (on amulet) {rElec rPois MP-9 Int+6}
   (You found it on level 10 of a ziggurat)

   [ring of poison resistance]

   It affects your intelligence (+6).
   It insulates you from electricity.
   It protects you from poison.
   It affects your magic capacity (-9).
 S - an uncursed ring of protection from fire
 W - an uncursed amulet of regeneration
 Y - the ring "Cool" {Wiz -Tele rC+ Str+10 SInv}
   (You bought it in a shop on level 5 of the Depths)

   [ring of wizardry]

   It improves your spell success rate.
   It affects your strength (+10).
   It protects you from cold.
   It lets you see invisible.
   It prevents most forms of teleportation.
 Z - an uncursed ring of protection from magic
Wands
 h - a wand of hasting (0)
 A - a wand of teleportation (6)
 T - a wand of digging (2)
Scrolls
 c - a scroll of blinking {!r}
 r - 2 scrolls of holy word {!r}
 z - 9 scrolls of identify
 C - 32 scrolls of remove curse
 D - a scroll of summoning
 E - 4 scrolls of fog
 G - a scroll of magic mapping {!r}
 M - a scroll of silence
 X - 5 scrolls of teleportation
Potions
 m - 4 potions of curing
 o - a potion of cure mutation {!q}
 P - a potion of cancellation
Books
 w - a book of Flames
Miscellaneous
 d - a disc of storms
 p - a crystal ball of energy
 V - 5 phantom mirrors
Comestibles
 f - 6 meat rations
 I - 2 bread rations


   Skills:
 + Level 22.0 Fighting
 O Level 27 Axes
   Level 0.5 Bows
 - Level 18.0 Crossbows
 - Level 19.0 Armour
 - Level 12.3 Dodging
 - Level 16.4 Stealth
   Level 6.4 Shields
 - Level 10.0 Spellcasting
 - Level 5.0 Conjurations
 - Level 12.1 Charms
 - Level 10.3 Summonings
 - Level 11.2 Translocations
 - Level 14.4 Fire Magic
 - Level 8.0 Air Magic
 - Level 22.0 Invocations
 - Level 12.0 Evocations


You had one spell level left.
You knew the following spells:

 Your Spells              Type           Power        Failure   Level  Hunger
a - Portal Projectile     Tloc           ######       1%          3    None
b - Blink                 Tloc           N/A          1%          2    None
c - Passage of Golubria   Tloc           N/A          1%          4    None
d - Repel Missiles        Chrm/Air       ######       1%          2    None
e - Teleport Other        Tloc           ######..     1%          3    None
f - Warp Weapon           Chrm/Tloc      ######....   1%          5    ####...
g - Apportation           Tloc           ######....   1%          1    None
h - Force Lance           Conj/Tloc      ######..     3%          4    None
i - Fireball              Conj/Fire      ######....   6%          5    ####...
q - Aura of Abjuration    Summ           ######....   4%          5    ####...
s - Swiftness             Chrm/Air       ######..     1%          2    None
z - Spectral Weapon       Hex/Chrm       #####...     1%          3    None
B - Summon Butterflies    Summ           ######..     1%          1    None
S - Phase Shift           Tloc           ######....   2%          5    ####...


Dungeon Overview and Level Annotations

Branches:
Dungeon (15/15)            Temple (0/1) D:7            Lair (8/8) D:11
 Shoals (4/4) Lair:5       Spider (4/4) Lair:4        Slime (6/6) Lair:6
    Orc (4/4) D:9             Elf (3/3) Orc:4        Vaults (5/5) D:14
  Crypt (3/3) Vaults:3       Tomb (0/3) Crypt:3      Depths (5/5) D:15
    Zot (5/5) Depths:5

Altars:
Ashenzari
Cheibriados
Fedhas
Gozag
Kikubaaqudgha
Makhleb
Nemelex Xobeh
Qazlal
Ru
Sif Muna
Xom
Yredelemnul
Zin
The Shining One
Beogh
Jiyva

Shops:
D:13 !   Orc:3 (   Orc:4 ?(:=   Shoals:2 :   Vaults:1 !   Vaults:3 *
Vaults:4 *   Depths:1 :   Depths:5 %?=

Portals:
Hell: Depths:1 Depths:2 Depths:3 Depths:4 Depths:5
Abyss: Depths:2 Depths:4
Pandemonium: Depths:3
Trove: Depths:5 (give wand of heal wounds (8))

Annotations:
Shoals:1 exclusion: Kirke, Kirke
Elf:3 1 exclusion


Message History

The golden eye blinks at you. You resist with almost no effort.
The golden eye blinks at you.
You easily resist.
You hit Plog but do no damage. Plog hits you but does no damage.
The golden eye blinks at you. You resist with almost no effort.
The golden eye blinks at you. You resist with almost no effort.
The golden eye blinks at you. You resist with almost no effort.
A green death comes into view.
The golden flame engulfs you! You resist.
The golden flame engulfs the golden eye.
The golden eye writhes in agony!
The golden flame engulfs Plog.
Plog writhes in agony!
The golden flame engulfs the golden eye.
The golden eye writhes in agony!
You are feeling hungry.
You hear a roar!
Plog barely misses you.
The golden eye blinks!
Plog hits you!
You take 8 damage, and have 246/254 hp.
You now have 24/29 mp.
Your fire dragon armour prevents you from hitting the golden eye.
You hit Plog. The golden eye blinks at you. You resist with almost no effort.
Plog misses you. The green death gestures at you. The poison arrow hits you!
You are poisoned.
You slice Plog!! You burn Plog. You slice the golden eye!!
You burn the golden eye.
You kill the golden eye!
You feel sick. The golden eye blinks at you. You resist with almost no effort.
Plog hits you but does no damage. The golden eye blinks at you.
You resist with almost no effort.
You take 1 damage, and have 246/254 hp.
You hit Plog. You burn Plog. Plog hits you! The golden eye blinks at you.
You resist with almost no effort.
You take 8 damage, and have 238/254 hp.
Unknown command.
You slash Plog! You burn Plog.
You feel sick. Plog hits you! The golden eye blinks at you.
You resist with almost no effort.
The golden eye blinks!
You take 11 damage, and have 227/254 hp.
Unknown command.
You hit Plog but do no damage. You slash the golden eye!
You burn the golden eye.
You kill the golden eye!
Plog hits you. The golden eye blinks at you. You resist with almost no effort.
You take 1 damage, and have 226/254 hp.
You slice Plog!! You burn Plog.
You feel sick. Plog closely misses you.
Unknown command.
You chop Plog into pieces!!! You burn Plog!
You hear a hideous shriek!
Plog hits you but does no damage. The golden eye blinks at you.
You resist with almost no effort. The green death gestures at you.
The poison arrow hits you!
You are more poisoned.
You partially resist.
You take 11 damage, and have 215/254 hp.
You slash Plog!
You kill Plog!
The Shining One accepts your kill.
You have mastered Axes!
You need to enable at least one skill for training.
You feel sick.
The golden eye blinks!
You feel sick. The green death gestures at you. The blast of poison misses you.
You feel sick.
You take 1 damage, and have 214/254 hp.
You feel sick.
You feel sick.
You feel sick. The golden eye blinks at you. You resist with almost no effort.
You feel sick. The golden eye blinks at you. You resist with almost no effort.
There is an open door here.
You feel sick.
You feel a bit more experienced.
You take 1 damage, and have 213/254 hp.
You feel sick.
You feel sick.
You feel sick.
You feel sick.
You feel sick.
You feel sick.
MP restored: 29 You feel sick.
There is an open door here.
There is a staircase leading out of the dungeon here.
You have escaped!

#...............# #..#.#.#.#.#.
.....######.###.# #..#.#.#.#.#.
###..# ##.###.# #..#.#.#.#.#.
.##..#####......#####............
###..##...................#.#####
..†.....#################........
.#.#..###...............#........
.#....###.8.8.##'##.8.8.#....####
.##....##..8..#.@.#..8..#....# #
.##....##.8.8.#####.8.8.##...## #
.##....##...............##....# #
.##.....###...⌠...⌠...#####.#.###
.##.##....##..2.8....##..........
.##.##..#..##.⌠...⌠.####..##..###
.##..#..##.###.....##......#..###
.###.#...#.#####'#######...##....
...#.##..#.##........# #....#..##


There were no monsters in sight!

Vanquished Creatures
  the royal jelly (Slime:6)
  6 orbs of fire
  5 ancient liches
  2 juggernauts
  3 pandemonium lords
  Boris (Depths:3)
  Frederick (Crypt:3)
  A shard shrike (Zot:3)
  2 Killer Klowns (Zot:5)
  3 curse toes
  4 caustic shrikes
  12 golden dragons
  A profane servitor (Crypt:3)
  4 bone dragons
  2 hellephants
  A Brimstone Fiend (D:14)
  2 electric golems (Zot:5)
  Jorgrun (Shoals:2)
  4 liches
  16 tentacled monstrosities
  An Ice Fiend (Depths:2)
  A Hell Sentinel (Depths:1)
  28 Orb Guardians
  2 deep elf master archers
  3 deep elf blademasters
  4 titans
  A Shadow Fiend (D:13)
  2 quicksilver dragons
  2 krakens
  2 octopode crushers
  An Executioner (Zot:1)
  A tentacled starspawn (WizLab)
  23 acid blobs
  An eldritch tentacle (WizLab)
  The ghost of alcopop the Markscentaur, an adept CeAM of Okawaru (Shoals:4)
  8 sphinxes
  13 death cobs
  5 ancient champions
  5 tengu reavers
  A thorn hunter (Zig:10)
  14 storm dragons
  11 shadow dragons
  13 fire giants
  A draconian monk (Depths:5)
  9 azure jellies
  Ilsuiw (Shoals:3)
  4 revenants
  15 vault wardens
  2 draconian knights
  9 deep elf sorcerers
  4 draconian scorchers
  19 frost giants
  5 iron dragons
  A balrug (Depths:2)
  7 draconian zealots
  4 ghost moths
  2 caustic shrike zombies
  2 curse skulls
  6 ghouls
  An angel (D:15)
  4 emperor scorpions
  2 war gargoyles (Vaults:5)
  9 ironheart preservers
  7 draconian shifters
  A draconian annihilator (Zot:5)
  3 reapers
  21 very ugly things
  A spriggan defender (Depths:4)
  3 draconian callers
  8 vampire knights
  30 stone giants
  9 green draconians
  A salamander firebrand (Depths:3)
  6 black draconians
  12 mottled draconians
  A lorocyproca (Depths:2)
  8 deep elf demonologists
  A corrupter (Depths:3)
  5 yellow draconians
  4 salamander stormcallers
  9 white draconians
  5 purple draconians
  11 deep elf annihilators
  6 red draconians
  6 eidola
  16 small abominations
  12 deep elf death magi
  8 merfolk javelineers
  2 blizzard demons (Zig:8)
  11 merfolk impalers
  30 vault guards
  19 yaktaur captains
  21 ettins
  12 jiangshi
  6 death oozes (Slime:6)
  Josephine (Shoals:1)
  A quicksilver dragon zombie (Crypt:1)
  25 fire dragons
  13 great orbs of eyes
  7 deep elf high priests
  2 hell beasts
  14 ogre magi
  An ice dragon (shapeshifter) (Vaults:2)
  5 rakshasas
  5 spriggan air magi
  2 catoblepae
  3 monstrous demonspawn
  16 ice dragons
  8 entropy weavers
  Erolcha (D:8)
  5 merfolk aquamancers
  6 death knights
  A ghost crab (Zig:10)
  7 hydras
  3 alligators (Zig:10)
  3 merfolk avatars (Shoals:4)
  2 ghost crabs (shapeshifter)
  An alligator snapping turtle (Shoals:3)
  16 dancing weapons
  11 centaur warriors
  16 death yaks
  4 tengu warriors
  6 deep troll shamans
  4 orc high priests
  A spectral dire elephant (Crypt:3)
  4 thrashing horrors (WizLab)
  11 deep troll earth magi
  3 vampire magi
  8 spriggans
  5 spriggan berserkers
  6 soul eaters
  2 storm dragon zombies (Depths:4)
  5 shadow wraiths
  3 shock serpents (shapeshifter)
  19 deep elf knights
  4 iron trolls
  A wretched star (Zig:9)
  2 titan skeletons
  8 hell knights
  A sun demon (Depths:2)
  19 deep trolls
  A death drake (shapeshifter) (Vaults:5)
  3 death drakes
  2 fire crabs
  A storm dragon skeleton (Zot:2)
  49 skeletal warriors
  A shadow demon (WizLab)
  12 sea snakes
  2 golden dragon zombies
  A gelid demonspawn (Depths:3)
  2 wizards
  6 hill giants
  16 ironbrand convokers
  5 giant orange brains
  7 unseen horrors
  22 harpies
  A harpy (shapeshifter) (Vaults:2)
  A tengu zombie (Vaults:3)
  14 deep elf summoners
  A swamp dragon (Zig:10)
  2 obsidian statues
  A golden dragon skeleton (Crypt:1)
  A shambling mangrove (Zig:10)
  6 phantasmal warriors
  2 lindwurms
  A lindwurm (shapeshifter) (Vaults:5)
  4 oklob plants (Lair:4)
  A wolf spider zombie (D:14)
  9 flayed ghosts
  11 necromancers
  18 orc knights
  22 deep elf conjurers
  An iron dragon zombie (Zig:8)
  23 wolf spiders
  6 orc sorcerers
  68 ugly things
  An orb spider (shapeshifter) (Depths:3)
  A tengu skeleton (Zig:8)
  14 griffons
  5 hornets
  12 orb spiders
  A sixfirhy (Depths:1)
  A shadow dragon skeleton (Crypt:2)
  5 water nymphs
  9 manticores
  8 cyclopes
  7 shining eyes
  2 hornets (shapeshifter)
  21 moths of wrath
  5 centaur zombies
  An iron dragon skeleton (Zig:8)
  2 worldbinders (WizLab)
  10 sirens
  A guardian serpent (shapeshifter) (Depths:3)
  15 fauns
  2 molten gargoyles (Volcano)
  A rust devil (Depths:3)
  2 ice statues (IceCv)
  4 black mambas
  2 fire giant skeletons
  21 vault sentinels
  12 elephants
  5 smoke demons
  3 torpor snails
  2 hellions
  10 spiny frogs
  8 gargoyles
  8 centaur skeletons
  A redback zombie (Crypt:2)
  3 orange demons
  3 kobold demonologists
  A fire drake (shapeshifter) (Vaults:3)
  12 komodo dragons
  3 ancient zymes
  26 deep elf priests
  3 hellwings
  9 demonic crawlers
  8 tengu conjurers
  3 efreet
  2 fire drakes
  39 merfolk
  3 polar bears
  73 yaktaurs
  8 freezing wraiths
  27 jumping spiders
  2 giant leeches (Zig:10)
  5 wind drakes
  2 queen bees (shapeshifter)
  39 blink frogs
  25 two-headed ogres
  A harpy zombie (Crypt:1)
  A red devil (Depths:3)
  A wolf spider simulacrum (Crypt:3)
  9 trolls
  A wind drake (shapeshifter) (Elf:2)
  A polar bear (shapeshifter) (Vaults:4)
  A tengu simulacrum (Depths:3)
  3 bog bodies (Zig:10)
  A guardian serpent zombie (Crypt:1)
  111 slime creatures
  10 blue devils
  A moth of wrath zombie (Zot:2)
  4 snapping turtles
  A jumping spider (shapeshifter) (Vaults:2)
  A fire dragon zombie (Crypt:1)
  6 boulder beetles
  3 raiju (WizLab)
  3 vampires
  5 shadows
  A centaur simulacrum (D:13)
  8 air elementals
  6 large abominations
  Sigmund (D:6)
  60 flying skulls
  46 redbacks
  28 tarantellas
  2 yaks (shapeshifter)
  61 yaks
  26 trapdoor spiders
  32 deep elf magi
  16 wraiths
  3 neqoxecs
  12 hippogriffs
  2 wyverns
  3 hogs (Shoals:1)
  9 water elementals
  4 fire elementals (Volcano)
  An elf simulacrum (Vaults:5)
  An elf zombie (Zig:8)
  3 hungry ghosts
  6 wargs
  55 deep elf fighters
  35 vampire mosquitoes
  9 basilisks
  2 steam dragons
  A wind drake skeleton (Crypt:1)
  11 wolves
  4 golden eyes
  Menkaure (D:4)
  3 mottled dragons
  An insubstantial wisp (WizLab)
  A putrid demonspawn zombie (Crypt:1)
  11 water moccasins
  4 chaos spawn
  3 spatial vortices (WizLab)
  A torturous demonspawn skeleton (WizLab)
  A wolf (shapeshifter) (Vaults:5)
  37 orc warriors
  3 soldier ants (shapeshifter)
  A soldier ant (D:14)
  17 spiders
  An ettin simulacrum (Vaults:3)
  12 wasps
  A swamp drake (Zig:10)
  8 sky beasts
  The ghost of Brewhammer the Slasher, an amateur MiBe of Trog (D:4)
  7 boggarts
  65 ogres
  4 phantoms
  4 black bears
  10 ice beasts
  11 porcupines
  8 necrophages
  6 eyes of draining
  7 big kobolds
  22 centaurs
  A brain worm (WizLab)
  19 crocodiles
  2 earth elementals (Zig:11)
  A glowing shapeshifter simulacrum (Vaults:1)
  A brain worm (shapeshifter) (Depths:1)
  2 wyvern zombies
  26 giant frogs
  An elf skeleton (Crypt:1)
  A gnoll sergeant (D:9)
  A wyvern skeleton (D:6)
  6 killer bees
  7 scorpions
  6 electric eels
  A warg skeleton (Crypt:1)
  6 wights
  A quasit (D:1)
  4 crimson imps
  A wyvern simulacrum (D:8)
  22 jellies
  A wasp zombie (D:11)
  6 starcursed masses (Zig:9)
  8 hounds
  Crazy Yiuf (D:4)
  A black bear zombie (Crypt:1)
  3 draconian simulacra (IceCv)
  A two-headed ogre skeleton (Crypt:2)
  41 orc priests
  6 gnoll shamans (D:5)
  2 spriggan simulacra (IceCv)
  2 giant frog skeletons
  10 iguanas
  An iron imp (WizLab)
  38 orc wizards
  20 sheep
  14 worker ants
  A giant frog simulacrum (D:8)
  4 troll simulacra (IceCv)
  A hound zombie (D:11)
  A dwarf skeleton (Crypt:2)
  A hound skeleton (D:8)
  A worker ant zombie (D:7)
  Robin (D:4)
  53 river rats
  19 adders
  51 gnolls
  A naga simulacrum (IceCv)
  4 white imps
  A giant eyeball (shapeshifter) (Vaults:5)
  3 shadow imps
  3 ufetubi
  An adder skeleton (D:5)
  An adder zombie (D:8)
  2 worms
  13 giant geckos
  225 orcs
  2 ball pythons (D:3)
  4 giant cockroaches
  18 goblins
  16 hobgoblins
  23 jackals
  30 kobolds
  9 quokkas
  12 bats
  A bat (shapeshifter) (D:6)
  A giant cockroach (shapeshifter) (D:7)
  A giant gecko zombie (D:7)
  6 giant newts
  A jackal simulacrum (D:8)
  A quokka simulacrum (D:8)
  7 rats
  A rat zombie (Crypt:2)
  4 crawling corpses
  5 fire vortices
  11 fungi
  3 lost souls
  11 plants
  A starspawn tentacle (WizLab)
  4 tentacles
3415 creatures vanquished.

Vanquished Creatures (collateral kills)
  Mennas (Depths:3)
  A juggernaut (Zig:11)
  A pandemonium lord (Depths:3)
  Sojobo (Depths:3)
  2 caustic shrikes
  A golden dragon (Vaults:5)
  Xtahua (Vaults:2)
  An electric golem (Zot:5)
  An Orb Guardian (Depths:3)
  2 deep elf blademasters
  Asterion (Spider:4)
  A lich (Depths:3)
  3 tengu reavers
  A storm dragon (Zot:2)
  Agnes (Spider:4)
  A sphinx (Depths:2)
  A shadow dragon (Depths:2)
  A frost giant (Depths:2)
  A chaos champion (Depths:3)
  Donald (Shoals:2)
  A ghost moth (shapeshifter) (Depths:2)
  3 emperor scorpions (Spider:4)
  A fire giant (Vaults:5)
  2 vault wardens
  2 deep elf sorcerers (Elf:3)
  Aizul (Spider:4)
  Louise (Spider:4)
  A ghost moth (Spider:4)
  A draconian shifter (Zot:2)
  A draconian annihilator (Zot:5)
  A stone giant (Vaults:2)
  A war gargoyle (Vaults:5)
  2 green draconians
  A deep elf demonologist (Elf:3)
  A mottled draconian (Zot:5)
  2 white draconians
  An ettin (Vaults:5)
  3 vault guards (Vaults:5)
  2 yaktaur captains (Vaults:5)
  A great orb of eyes (Vaults:4)
  2 entropy weavers
  A centaur warrior (Depths:3)
  A deep troll shaman (Depths:2)
  A spriggan berserker (Depths:2)
  A wretched star (Zig:9)
  A deep elf knight (Elf:3)
  An unseen horror (shapeshifter) (Depths:3)
  2 sea snakes (Shoals:2)
  A sphinx zombie (Vaults:5)
  A phantasmal warrior (Vaults:5)
  A faun (Shoals:2)
  6 orb spiders (Spider:4)
  3 deep elf conjurers
  A necromancer (Vaults:5)
  A frost giant zombie (Vaults:5)
  4 wolf spiders
  2 hornets (Spider:4)
  A cyclops (Vaults:2)
  3 vault sentinels (Vaults:1)
  A moth of wrath (Spider:4)
  An orange demon (Zig:9)
  2 gargoyles (Zig:11)
  6 yaktaurs
  An elf skeleton (Vaults:5)
  6 jumping spiders (Spider:4)
  A giant leech (Zig:10)
  An ettin zombie (Vaults:5)
  2 spriggan zombies (Zig:8)
  A large abomination (Zig:9)
  7 redbacks
  A trapdoor spider (Spider:4)
  7 tarantellas
  A deep elf mage (Zig:7)
  2 spiders (Spider:4)
  A centaur (D:6)
  A giant frog (D:7)
  A water moccasin zombie (D:8)
  2 orcs
132 creatures vanquished.

Vanquished Creatures (others)
  An Orb Guardian (D:8)
  An eldritch tentacle (Zot:5)
  A tengu reaver (Depths:3)
  A fire giant (Vaults:5)
  A vault warden (Vaults:3)
  A frost giant (Zot:3)
  A draconian zealot (Zot:3)
  An ironheart preserver (Vaults:3)
  A white draconian (Zot:3)
  2 vault guards (Vaults:3)
  An ice dragon (Zot:3)
  An ironbrand convoker (Vaults:3)
  2 moths of wrath
  A necromancer (Vaults:3)
  A vault sentinel (Vaults:2)
  A cyclops (Vaults:2)
  A yaktaur (Vaults:3)
  A slime creature (Vaults:3)
  A golden eye (D:1)
  2 deep elf fighters
  A swamp worm (shapeshifter) (Vaults:4)
  A phantom (D:6)
  An orc wizard (Orc:4)
  2 orcs
  1679 eldritch tentacle segments
  4 fire vortices
  18 fungi
  2 lost souls
  A lurking horror (WizLab)
  16 plants
  2 spectral weapons
  A starspawn tentacle (WizLab)
  87 starspawn tentacle segments (WizLab)
  8 tentacles
  444 tentacle segments
2290 creatures vanquished.

Grand Total: 5837 creatures vanquished

Notes
Turn   | Place    | Note
--------------------------------------------------------------
     0 | D:1      | Zargon the Hill Orc Chaos Knight began the quest for the Orb.
     0 | D:1      | Reached XP level 1. HP: 19/19 MP: 1/1
   309 | D:1      | XOM: harmless Hex miscast
   311 | D:1      | Reached XP level 2. HP: 25/27 MP: 2/2
   546 | D:1      | Reached skill level 4 in Fighting
   612 | D:1      | Reached skill level 5 in Axes
   617 | D:1      | Found a shattered altar of Ashenzari.
   629 | D:1      | Reached XP level 3. HP: 33/33 MP: 3/3
   707 | D:1      | XOM: give mutation
   707 | D:1      | Gained mutation: Your spells are a little harder to cast, but a little more powerful. [Xom's grace]
  1532 | D:2      | Reached skill level 6 in Axes
  1532 | D:2      | Reached XP level 4. HP: 35/40 MP: 4/4
  1772 | D:2      | XOM: harmless Trmt miscast
  1881 | D:2      | HP: 10/40 [something (3)]
  2051 | D:2      | XOM: smoke on damage
  2089 | D:2      | XOM: noise
  2134 | D:2      | XOM: mild Ice miscast
  2418 | D:2      | XOM: silly message
  2547 | D:2      | Reached skill level 7 in Axes
  2547 | D:2      | Reached XP level 5. HP: 46/46 MP: 5/5
  2990 | D:3      | Found a glowing silver altar of Zin.
  2991 | D:3      | Found an opulent altar of Gozag.
  3049 | D:3      | XOM: silly message
  3395 | D:3      | XOM: mild Summ miscast
  3396 | D:3      | Noticed a spatial vortex
  3424 | D:3      | XOM: harmless Air miscast
  3461 | D:4      | Noticed Brewhammer's ghost (amateur MiBe)
  3496 | D:4      | XOM: summons 2 friendly demons
  3550 | D:3      | XOM: mild Ice miscast
  3599 | D:4      | Reached skill level 8 in Axes
  3652 | D:4      | XOM: enchant monster (bad)
  3657 | D:4      | Noticed Robin
  3680 | D:4      | Reached XP level 6. HP: 52/52 MP: 6/6
  3693 | D:4      | Killed Robin
  3740 | D:3      | XOM: mild Erth miscast
  3765 | D:4      | Found a shimmering altar of Xom.
  3768 | D:4      | Found a shimmering altar of Xom.
  3770 | D:4      | Found a shimmering altar of Xom.
  3771 | D:4      | Found a shimmering altar of Xom.
  3773 | D:4      | Found a shimmering altar of Xom.
  3884 | D:4      | XOM: 2-stop teleportation journey
  3892 | D:4      | Noticed Menkaure
  3892 | D:4      | XOM: 2-stop teleportation journey
  3945 | D:4      | XOM: medium Tloc miscast
  3963 | D:4      | XOM: harmless Air miscast
  4082 | D:4      | Noticed Crazy Yiuf
  4087 | D:4      | XOM: fog
  4163 | D:4      | XOM: summons friendly quasit
  4173 | D:5      | Entered Level 5 of the Dungeon
  4173 | D:5      | XOM: give mutations
  4173 | D:5      | Lost mutation: Your spells are a little harder to cast, but a little more powerful. [Xom's mischief]
  4173 | D:5      | Gained mutation: Scrolls take you a little longer to read. [Xom's mischief]
  4191 | D:5      | XOM: repel stairs
  4364 | D:5      | XOM: medium Chrm miscast
  4383 | D:5      | HP: 13/52 [jelly (2)]
  4383 | D:5      | HP: 6/52 [acid (7)]
  4384 | D:5      | Reached skill level 6 in Fighting
  4384 | D:5      | Reached skill level 12 in Axes
  4384 | D:5      | Reached skill level 5 in Armour
  4384 | D:5      | Reached skill level 3 in Dodging
  4384 | D:5      | Reached skill level 4 in Stealth
  4384 | D:5      | Reached skill level 5 in Shields
  4384 | D:5      | Reached XP level 7. HP: 6/64 MP: 7/7
  4400 | D:5      | XOM: mild Divn miscast
  4664 | D:5      | Reached skill level 7 in Fighting
  4831 | D:5      | XOM: summons 3 hostile demons
  4832 | D:5      | Noticed a chaos spawn
  4832 | D:5      | Noticed a sun demon
  4849 | D:6      | XOM: medium Ice miscast
  4849 | D:6      | HP: 8/66 [something (11)]
  4851 | D:6      | Noticed Sigmund
  4853 | D:6      | XOM: confusion
  4858 | D:6      | HP: 2/66 [worker ant (4)]
  4865 | D:6      | XOM: 1-stop teleportation journey
  4879 | D:6      | Found a snail-covered altar of Cheibriados.
  4958 | D:6      | XOM: give mutation
  4958 | D:6      | Gained mutation: You are partially covered in yellow scales (AC +2). [Xom's mischief]
  5108 | D:6      | Found a glowing drain.
  5116 | D:6      | XOM: colour smoke trail
  5128 | Sewer    | Entered a sewer
  5172 | Sewer    | XOM: confusion
  5183 | Sewer    | XOM: enchant monster (good)
  5360 | D:6      | XOM: summons friendly quasit
  5366 | D:6      | Killed Sigmund
  5366 | D:6      | Reached skill level 4 in Dodging
  5366 | D:6      | Reached XP level 8. HP: 73/73 MP: 8/8
  5474 | D:6      | XOM: fog
  5513 | D:6      | Found a shattered altar of Ashenzari.
  5604 | D:6      | XOM: enchant monster (good)
  5616 | D:6      | XOM: enchant monster (good)
  5627 | D:6      | HP: 13/73 [something (14)]
  5881 | D:6      | XOM: god gift: scroll labeled EKON KOSTE
  6183 | D:7      | XOM: swap monsters
  6432 | D:7      | XOM: cast spell 'Summon Ice Beast'
  6481 | D:7      | XOM: swap monsters
  6492 | D:7      | Reached XP level 9. HP: 77/80 MP: 9/9
  6658 | D:7      | Reached skill level 6 in Armour
  6759 | D:7      | XOM: 7-stop teleportation journey
  7162 | D:7      | Found a sacrificial altar of Ru.
  7162 | D:7      | Found a stormy altar of Qazlal.
  7163 | D:7      | Found a basalt altar of Yredelemnul.
  7216 | D:8      | XOM: summons friendly shadow imp
  7219 | D:8      | XOM: enchant monster (bad)
  7266 | D:8      | Reached skill level 13 in Axes
  7331 | D:8      | XOM: cast spell 'Ring of Flames'
  7358 | D:8      | XOM: give mutations
  7358 | D:8      | Gained mutation: You possess an exceptional clarity of mind. [Xom's grace]
  7358 | D:8      | Gained mutation: You have sharp fingernails. [Xom's grace]
  7475 | D:8      | XOM: vitrification
  7498 | D:8      | XOM: summons 5 friendly demons
  7672 | D:7      | Reached skill level 8 in Fighting
  7723 | D:7      | Found a blossoming altar of Fedhas.
  7746 | D:7      | Found a staircase to the Ecumenical Temple.
  7811 | D:7      | XOM: polymorph killer bee -> gnoll
  8025 | D:6      | XOM: vitrification
  8290 | D:8      | XOM: blink monster(s)
  8305 | D:8      | XOM: summons friendly white imp
  8420 | D:7      | XOM: vitrification
  8425 | D:8      | XOM: confuse monster(s)
  8460 | D:8      | XOM: summons friendly ufetubus
  8540 | D:8      | Reached XP level 10. HP: 89/89 MP: 10/10
  9197 | D:8      | Found a sparkling altar of Nemelex Xobeh.
  9395 | D:8      | Noticed Erolcha
  9528 | D:8      | Found a burning altar of Makhleb.
  9549 | D:8      | XOM: 8-stop teleportation journey
  9584 | D:9      | XOM: 5-stop teleportation journey
  9625 | D:10     | Entered Level 10 of the Dungeon
  9640 | D:9      | XOM: enchant monster (good)
  9693 | D:9      | Found a glowing golden altar of the Shining One.
  9698 | D:9      | Fell from the grace of Xom
  9698 | D:9      | Became a worshipper of the Shining One
  9881 | D:9      | Reached skill level 7 in Armour
 10056 | D:9      | XOM: severe Hex miscast
 10571 | D:9      | Reached skill level 5 in Dodging
 11161 | D:8      | XOM: god gift: leather armour {god gift}
 11375 | D:8      | Reached skill level 9 in Fighting
 11860 | D:9      | Found a roughly hewn altar of Beogh.
 11860 | D:9      | Found a staircase to the Orcish Mines.
 12605 | D:10     | Found a basalt altar of Yredelemnul.
 12644 | D:10     | Reached skill level 14 in Axes
 12884 | D:9      | XOM: medium Tloc miscast
 13339 | D:10     | XOM: medium Pois miscast
 13705 | D:10     | Reached skill level 5 in Stealth
 13789 | D:11     | Reached * piety under the Shining One
 14001 | D:9      | Reached XP level 11. HP: 78/97 MP: 11/11
 14082 | D:9      | XOM: mild Erth miscast
 14329 | D:10     | HP: 24/97 [efreet/scimitar of flaming (2)]
 14337 | D:10     | HP: 12/97 [efreet/fireball (16)]
 14476 | D:9      | XOM: medium Conj miscast
 14476 | D:9      | HP: 17/97 [something (14)]
 14830 | D:9      | Reached skill level 1 in Invocations
 15880 | D:12     | Reached skill level 2 in Invocations
 15915 | D:12     | XOM: give mutations
 15915 | D:12     | Lost mutation: You possess an exceptional clarity of mind. [Xom's mischief]
 15915 | D:12     | Gained mutation: You have a pair of small horns on your head. [Xom's mischief]
 15915 | D:12     | Gained mutation: You are dopey. (Int -2) [Xom's mischief]
 15965 | D:12     | XOM: summons 7 hostile demons
 16213 | D:12     | Reached ** piety under the Shining One
 16266 | D:12     | Reached skill level 8 in Armour
 16771 | D:11     | Reached skill level 15 in Axes
 16825 | D:11     | Reached skill level 3 in Invocations
 16889 | D:11     | Noticed an unseen horror
 16908 | D:11     | Killed an unseen horror
 16908 | D:11     | Reached skill level 6 in Dodging
 17085 | D:11     | Found a staircase to the Lair.
 17093 | D:11     | Noticed a purple ugly thing
 17099 | Lair:1   | Entered Level 1 of the Lair of Beasts
 17130 | D:11     | HP: 22/99 [purple ugly thing (4)]
 17140 | Lair:1   | Reached skill level 10 in Fighting
 17154 | Lair:1   | HP: 17/99 [giant frog (6)]
 17569 | Lair:1   | XOM: medium Ice miscast
 17579 | Lair:1   | Noticed a four-headed hydra
 17812 | Lair:1   | XOM: mild Tloc miscast
 18245 | Lair:2   | Reached XP level 12. HP: 98/106 MP: 14/14
 18343 | Lair:2   | Reached skill level 4 in Invocations
 18550 | Lair:2   | Reached skill level 9 in Armour
 18719 | Lair:2   | XOM: give mutations
 18719 | Lair:2   | Gained mutation: Scrolls take you longer to read. [Xom's mischief]
 18719 | Lair:2   | Gained mutation: You occasionally shout uncontrollably at your foes. [Xom's mischief]
 19009 | Lair:2   | Reached skill level 16 in Axes
 19238 | Lair:2   | XOM: noise
 19447 | Lair:2   | Noticed a seven-headed hydra
 19458 | Lair:2   | XOM: give mutations
 19458 | Lair:2   | Lost mutation: Scrolls take you longer to read. [Xom's mischief]
 19458 | Lair:2   | Lost mutation: Scrolls take you a little longer to read. [Xom's mischief]
 19458 | Lair:2   | Gained mutation: Armour fits poorly on your strangely shaped body. [Xom's mischief]
 19503 | D:11     | Killed a purple ugly thing
 19503 | D:11     | Reached skill level 6 in Shields
 19590 | D:11     | HP: 20/107 [yak (10)]
 19592 | D:11     | HP: 8/107 [yak (12)]
 20139 | D:8      | Reached skill level 5 in Invocations
 20305 | D:5      | Found an ancient bone altar of Kikubaaqudgha.
 20669 | D:5      | XOM: mild Pois miscast
 20685 | D:5      | Found a deep blue altar of Sif Muna.
 20857 | D:10     | XOM: god gift: potion of curing
 21006 | D:5      | XOM: polymorph orc -> jelly
 21230 | D:5      | XOM: mild Summ miscast
 21476 | D:5      | XOM: mild Conj miscast
 21856 | D:4      | HP: 26/108 [Menkaure (9)]
 21857 | D:4      | Killed Menkaure
 22135 | D:4      | Killed Crazy Yiuf
 22150 | D:4      | XOM: medium Hex miscast
 22150 | D:4      | Was forgiven by Xom
 22272 | D:4      | Killed Brewhammer's ghost
 22804 | D:10     | wa11: hello
 22805 | D:10     | Zargon: hi
 22805 | D:10     | wa11: were you from the east US servers?
 22805 | D:10     | wa11: what happened to them? why dont they work anymore?
 22813 | D:10     | Zargon: sys admin got annoyed with some guy
 22816 | D:10     | Zargon: think he was threatening stuff if single sign on not sorted out
 22818 | D:10     | wa11: huh? really? damn i had a sweet character going on when it went offline. thats so fucked up
 22818 | D:10     | Zargon: yeah
 22819 | D:10     | Zargon: same
 22846 | D:10     | wa11: is it ever coming back?
 22859 | D:10     | Zargon: don't ask me
 22875 | D:10     | Reached skill level 1 in Crossbows
 23035 | D:11     | Noticed a cyclops
 23083 | D:11     | Killed a cyclops
 23302 | D:11     | Reached XP level 13. HP: 114/114 MP: 17/17
 23875 | D:12     | Lost mutation: You are dopey. (Int -2) [potion of cure mutation]
 23875 | D:12     | Lost mutation: You are partially covered in yellow scales (AC +2). [potion of cure mutation]
 23875 | D:12     | Lost mutation: You have a pair of small horns on your head. [potion of cure mutation]
 24162 | Lair:1   | Reached skill level 2 in Crossbows
 25372 | Lair:3   | Reached skill level 7 in Dodging
 25622 | Lair:4   | Reached skill level 3 in Crossbows
 25795 | Lair:4   | Reached *** piety under the Shining One
 25879 | Lair:4   | Found a hole to the Spider Nest.
 25926 | Lair:3   | Reached skill level 17 in Axes
 25926 | Lair:3   | Reached skill level 6 in Invocations
 25943 | Lair:3   | Reached skill level 11 in Fighting
 25943 | Lair:3   | Reached skill level 10 in Armour
 26347 | Lair:3   | HP: 24/116 [four-headed hydra (11)]
 27183 | Lair:4   | Reached skill level 4 in Crossbows
 28555 | Lair:4   | Reached skill level 7 in Invocations
 29664 | Lair:5   | Found a staircase to the Shoals.
 30124 | Lair:6   | Found a staircase to the Slime Pits.
 30124 | Lair:6   | Found a viscous altar of Jiyva.
 30864 | Lair:6   | HP: 28/116 [death yak (15)]
 30864 | Lair:6   | HP: 8/116 [death yak (20)]
 31286 | Lair:6   | Reached XP level 14. HP: 124/124 MP: 19/19
 31548 | Lair:6   | Reached skill level 5 in Crossbows
 32801 | Lair:7   | Reached skill level 8 in Invocations
 32831 | Lair:7   | Found a dark tunnel.
 32836 | Volcano  | Entered a volcano
 32854 | Volcano  | Reached skill level 18 in Axes
 34257 | Orc:1    | Entered Level 1 of the Orcish Mines
 34748 | Orc:1    | Reached **** piety under the Shining One
 34763 | Orc:1    | Found a roughly hewn altar of Beogh.
 35249 | Orc:3    | Found Derrae's Antique Weapon Emporium.
 36161 | Orc:4    | Entered Level 4 of the Orcish Mines
 36173 | Orc:4    | Reached skill level 12 in Fighting
 36193 | Orc:3    | Reached skill level 8 in Dodging
 36277 | Orc:4    | Found a frozen archway.
 36286 | IceCv    | Entered an ice cave
 36407 | IceCv    | Reached ***** piety under the Shining One
 36837 | IceCv    | Reached skill level 11 in Armour
 36903 | IceCv    | Reached skill level 6 in Crossbows
 38351 | Orc:4    | Found a staircase to the Elven Halls.
 38968 | Orc:4    | Reached ****** piety under the Shining One
 39102 | Orc:4    | Paralysed by an orc sorcerer for 7 turns
 39329 | Orc:4    | Found Qobai's Weapon Emporium.
 39329 | Orc:4    | Found Zujyhicwo's Magic Scroll Boutique.
 39332 | Orc:4    | Found Obicha Xyci's Jewellery Emporium.
 39332 | Orc:4    | Found Latwoan's Book Boutique.
 39341 | Orc:4    | Bought an uncursed ring of protection from magic for 375 gold pieces
 39344 | Orc:4    | Bought a book of Battle for 560 gold pieces
 39344 | Orc:4    | Bought a book of Spatial Translocations for 910 gold pieces
 39346 | Orc:4    | Bought 3 scrolls of enchant armour for 382 gold pieces
 39346 | Orc:4    | Bought a scroll of blinking for 127 gold pieces
 39356 | Orc:4    | Bought a +2 war axe of flaming for 237 gold pieces
 39521 | D:11     | Killed a one-headed hydra
 39521 | D:11     | Reached skill level 9 in Invocations
 39521 | D:11     | Reached XP level 15. HP: 124/134 MP: 21/21
 39561 | Lair:1   | Learned a level 3 spell: Spectral Weapon
 39967 | Lair:1   | Learned a level 1 spell: Apportation
 39970 | Lair:1   | Learned a level 2 spell: Blink
 39974 | Lair:1   | Learned a level 3 spell: Portal Projectile
 39979 | Lair:1   | Learned a level 4 spell: Passage of Golubria
 40408 | Lair:8   | Entered Level 8 of the Lair of Beasts
 41567 | Lair:8   | Reached skill level 19 in Axes
 43118 | Lair:8   | Reached skill level 7 in Crossbows
 43662 | D:12     | Noticed a hill giant
 43675 | D:12     | Killed a hill giant
 43800 | D:12     | Noticed an unseen horror
 43811 | D:12     | Killed an unseen horror
 43991 | D:12     | Noticed an unseen horror
 44002 | D:12     | Killed an unseen horror
 44043 | D:12     | Noticed a hill giant
 44051 | D:12     | Killed a hill giant
 44051 | D:12     | Reached skill level 9 in Dodging
 44481 | D:13     | Reached skill level 13 in Fighting
 44515 | D:13     | Found a snail-covered altar of Cheibriados.
 44743 | D:13     | Reached skill level 10 in Invocations
 44913 | D:13     | Found Ziexzis's Distillery.
 44928 | D:13     | Got a bloodstained scale mail
 44929 | D:13     | Identified the +4 scale mail of Okawaru's Delight {Slay+3 Stlth+} (You found it on level 13 of the Dungeon)
 45374 | D:13     | Reached skill level 12 in Armour
 45758 | D:13     | Reached XP level 16. HP: 127/144 MP: 23/23
 46886 | D:14     | Found a gate to the Vaults.
 46960 | D:13     | Bought a potion of cure mutation for 350 gold pieces
 46960 | D:13     | Lost mutation: Armour fits poorly on your strangely shaped body. [potion of cure mutation]
 46960 | D:13     | Lost mutation: You occasionally shout uncontrollably at your foes. [potion of cure mutation]
 46960 | D:13     | Lost mutation: You have sharp fingernails. [potion of cure mutation]
 47338 | D:14     | Reached skill level 20 in Axes
 47368 | D:14     | Got a pair of jewelled boots
 47369 | D:14     | Identified the +2 pair of boots "Pulam" {rN+ MP+9 Dex+3} (You found it on level 14 of the Dungeon)
 47793 | D:15     | Entered Level 15 of the Dungeon
 47875 | D:15     | Reached skill level 8 in Crossbows
 48235 | D:15     | Found a staircase to the Depths.
 48274 | D:15     | Gained mutation: You have large cloven feet. [potion of beneficial mutation]
 49838 | Spider:1 | Entered Level 1 of the Spider Nest
 50188 | Spider:1 | Gained mutation: You are weak. (Str -2) [potion of mutation]
 50188 | Spider:1 | Gained mutation: You possess an exceptional clarity of mind. [potion of mutation]
 50188 | Spider:1 | Lost mutation: You are weak. (Str -2) [potion of mutation]
 50262 | Spider:1 | Reached skill level 11 in Invocations
 50945 | Spider:1 | Reached skill level 14 in Fighting
 51225 | Spider:2 | Reached skill level 6 in Stealth
 51421 | Spider:1 | HP: 36/146 [disintegration (39)]
 52339 | Spider:2 | Reached XP level 17. HP: 100/152 MP: 0/25
 52533 | Spider:2 | Reached skill level 9 in Crossbows
 52916 | Spider:3 | Reached skill level 13 in Armour
 53681 | Spider:3 | Reached skill level 10 in Dodging
 55223 | Shoals:1 | Entered Level 1 of the Shoals
 55242 | Shoals:1 | Reached skill level 12 in Invocations
 55508 | Shoals:1 | Noticed Josephine
 55526 | Shoals:1 | Killed Josephine
 55550 | Shoals:1 | Reached skill level 10 in Crossbows
 55787 | Shoals:1 | Noticed Kirke
 56077 | Shoals:2 | Found Ryhawiast's Book Boutique.
 56347 | Shoals:2 | Noticed Jorgrun
 56357 | Shoals:2 | Killed Jorgrun
 56465 | Shoals:2 | Noticed Donald
 56475 | Shoals:2 | Killed Donald
 56778 | Shoals:3 | Reached skill level 15 in Fighting
 57669 | Shoals:3 | Found a snail-covered altar of Cheibriados.
 57773 | Shoals:3 | Found a shimmering altar of Xom.
 58640 | Spider:4 | Entered Level 4 of the Spider Nest
 58670 | Spider:4 | Reached XP level 18. HP: 138/163 MP: 27/27
 58769 | Spider:4 | Noticed Aizul
 58790 | Spider:4 | Noticed Louise
 58859 | Spider:3 | HP: 37/163 [tarantella (11)]
 58865 | Spider:3 | HP: 30/163 [poisoned by a redback]
 58870 | Spider:3 | HP: 28/163 [poisoned by a redback]
 58875 | Spider:3 | HP: 26/163 [poisoned by a redback]
 58880 | Spider:3 | HP: 25/163 [poisoned by a redback]
 58885 | Spider:3 | HP: 24/163 [poisoned by a redback]
 58893 | Spider:3 | HP: 24/163 [poisoned by a redback]
 58898 | Spider:3 | HP: 24/163 [poisoned by a redback]
 58903 | Spider:3 | HP: 25/163 [poisoned by a redback]
 58909 | Spider:3 | HP: 25/163 [poisoned by a redback]
 59459 | Spider:4 | Reached skill level 11 in Crossbows
 59485 | Spider:4 | Killed Aizul
 59537 | Spider:4 | Noticed Agnes
 59544 | Spider:4 | Killed Agnes
 59544 | Spider:4 | Reached skill level 13 in Invocations
 59573 | Spider:4 | Killed Louise
 59589 | Spider:4 | Reached skill level 14 in Armour
 59674 | Spider:4 | Got a warped large shield
 59675 | Spider:4 | Identified the +1 large shield of Mimyulu {rF++ rN+ MP+9 Int-3} (You took it off Louise on level 4 of the Spider Nest)
 59814 | Spider:4 | Noticed Asterion
 59829 | Spider:4 | Killed Asterion
 59891 | Spider:4 | HP: 41/165 [hornet (8)]
 60931 | Spider:4 | Got a gossamer rune of Zot
 61386 | Vaults:1 | Entered Level 1 of the Vaults
 61888 | Vaults:1 | Reached skill level 11 in Dodging
 62112 | Vaults:1 | Found Osmiyn's Distillery.
 62484 | Vaults:1 | Reached skill level 16 in Fighting
 63502 | Vaults:1 | Identified a +2 arbalest of holy wrath (a +0 arbalest blessed by the Shining One)
 63502 | Vaults:1 | Received a gift from the Shining One
 64571 | Vaults:2 | Reached XP level 19. HP: 173/173 MP: 29/29
 64853 | Vaults:2 | HP: 38/174 [stone giant (15)]
 64856 | Vaults:2 | Reached skill level 15 in Armour
 65659 | Vaults:2 | Reached skill level 14 in Invocations
 66031 | Vaults:2 | Reached skill level 12 in Crossbows
 67480 | Vaults:2 | Reached skill level 17 in Fighting
 67625 | Vaults:2 | Noticed Xtahua
 67738 | Vaults:2 | Killed Xtahua
 70434 | Vaults:3 | Found a staircase to the Crypt.
 70434 | Vaults:3 | Found a basalt altar of Yredelemnul.
 70435 | Vaults:3 | Found an ancient bone altar of Kikubaaqudgha.
 70842 | Vaults:3 | Reached skill level 16 in Armour
 71028 | Vaults:3 | Found Ihywoi's Assorted Antiques.
 71239 | Vaults:3 | Reached XP level 20. HP: 185/187 MP: 31/31
 71242 | Vaults:3 | Reached skill level 7 in Stealth
 71583 | Vaults:3 | Reached skill level 15 in Invocations
 71940 | Vaults:3 | Reached skill level 18 in Fighting
 72153 | Vaults:3 | Reached skill level 8 in Stealth
 72241 | Vaults:3 | Found a basalt altar of Yredelemnul.
 73661 | Vaults:4 | Reached skill level 9 in Stealth
 74102 | Vaults:4 | Reached skill level 13 in Crossbows
 75332 | Vaults:4 | Reached skill level 16 in Invocations
 75609 | Vaults:4 | Found Ukkejib's Assorted Antiques.
 75617 | Vaults:4 | Bought a scintillating amber ring for 130 gold pieces
 75622 | Vaults:4 | Identified the ring of Brilliance {rElec rF- rN++ EV+5 Dex+3} (You bought it in a shop on level 4 of the Vaults)
 75833 | Vaults:4 | Reached skill level 10 in Stealth
 76294 | Depths:1 | Entered Level 1 of the Depths
 76958 | Depths:1 | Reached XP level 21. HP: 149/194 MP: 33/33
 76962 | Depths:1 | Reached skill level 1 in Translocations
 77906 | Depths:1 | Reached skill level 2 in Translocations
 78142 | Depths:1 | Found Qak Umae's Book Emporium.
 78176 | Depths:1 | Reached skill level 11 in Stealth
 78216 | Depths:1 | Bought a book of Air for 350 gold pieces
 78464 | Depths:1 | Found a gateway to Hell.
 78600 | Depths:1 | Reached skill level 3 in Translocations
 79273 | Depths:1 | Reached skill level 17 in Invocations
 79984 | Depths:2 | Found a one-way gate to the infinite horrors of the Abyss.
 80006 | Depths:2 | Reached skill level 4 in Translocations
 80081 | Depths:2 | Found a gateway to a ziggurat.
 80145 | Depths:2 | Reached skill level 14 in Crossbows
 80317 | Depths:2 | Reached skill level 12 in Stealth
 81098 | Depths:1 | Reached skill level 1 in Spellcasting
 81882 | Depths:2 | Found a runed door.
 81948 | Depths:2 | Noticed a juggernaut
 81951 | Depths:2 | Found a runed door.
 81970 | Depths:2 | Killed a juggernaut
 81970 | Depths:2 | Reached XP level 22. HP: 202/202 MP: 24/34
 82051 | Depths:2 | Reached skill level 2 in Spellcasting
 82194 | Depths:2 | Got a brightly glowing leather armour
 82195 | Depths:2 | Identified the +3 leather armour "Namn" {Stlth+} (You found it on level 2 of the Depths)
 82358 | Depths:2 | Reached skill level 5 in Translocations
 82425 | Depths:2 | Got a smoking gossamer ring
 82428 | Depths:2 | Identified the ring of Xom's Fair Game {Ice rPois} (You took it off a spriggan berserker on level 2 of the Depths)
 82442 | Depths:2 | Got a fine leather armour
 82443 | Depths:2 | Identified the +2 leather armour of Xuesaf {rElec rF- rC+++ Str-3} (You found it on level 2 of the Depths)
 82550 | Depths:3 | Reached skill level 18 in Invocations
 83149 | Depths:3 | Reached skill level 3 in Spellcasting
 83396 | Depths:3 | HP: 48/202 [tengu simulacrum (46)]
 83770 | Depths:2 | Learned a level 2 spell: Repel Missiles
 83773 | Depths:2 | Learned a level 2 spell: Swiftness
 84247 | Depths:3 | Found a one-way gate leading to the halls of Pandemonium.
 84361 | Depths:3 | Reached skill level 15 in Crossbows
 84397 | Depths:3 | Noticed Sojobo
 84425 | Depths:3 | Killed Sojobo
 84685 | Depths:3 | Noticed Boris
 84713 | Depths:3 | Killed Boris
 84868 | Depths:3 | Noticed Mennas
 84892 | Depths:3 | Killed Mennas
 85050 | Depths:3 | Reached skill level 4 in Spellcasting
 85050 | Depths:3 | Reached skill level 6 in Translocations
 86659 | Depths:4 | Reached skill level 16 in Crossbows
 87303 | Depths:3 | Noticed a caustic shrike
 87317 | Depths:3 | Killed a caustic shrike
 87365 | Depths:2 | Reached XP level 23. HP: 151/209 MP: 32/36
 88147 | Depths:4 | Reached skill level 17 in Crossbows
 89198 | Depths:4 | Identified the Handbook of Enchantment and Weightlessness (You found it on level 4 of the Depths)
 89335 | Depths:5 | Entered Level 5 of the Depths
 89360 | Depths:5 | Noticed a juggernaut
 89376 | Depths:5 | Reached skill level 18 in Crossbows
 89670 | Depths:5 | Reached skill level 1 in Charms
 89670 | Depths:5 | Reached skill level 1 in Air Magic
 90157 | Depths:4 | HP: 32/209 [white very ugly thing (26)]
 90593 | Depths:5 | Reached skill level 2 in Charms
 90593 | Depths:5 | Reached skill level 2 in Air Magic
 91066 | Depths:4 | HP: 42/209 [white very ugly thing (16)]
 91086 | Depths:4 | Reached skill level 3 in Charms
 91086 | Depths:4 | HP: 39/209 [caustic shrike (15)]
 91493 | Depths:3 | Reached skill level 5 in Spellcasting
 91510 | Depths:3 | Reached skill level 3 in Air Magic
 92362 | Elf:1    | Entered Level 1 of the Elven Halls
 92486 | Elf:1    | Found a magical portal.
 92492 | WizLab   | Entered The Roulette of Golubria
 92496 | WizLab   | Found a corrupted altar of Lugonu.
 92797 | WizLab   | Reached skill level 4 in Charms
 93269 | WizLab   | Got a smoking cloak
 93270 | WizLab   | Identified the cursed -4 cloak of the Equinox {rF++} (You found it in a wizard's laboratory)
 93378 | WizLab   | Reached skill level 4 in Air Magic
 93395 | WizLab   | Found a corrupted altar of Lugonu.
 93587 | WizLab   | Identified Golubria's Volume of Displacement (You found it in a wizard's laboratory)
 93740 | WizLab   | Reached XP level 24. HP: 216/216 MP: 36/36
 93749 | WizLab   | Identified Golubria's Grimoire of Helpful Orientation
 94220 | Elf:1    | Reached skill level 6 in Spellcasting
 94260 | Elf:1    | Reached skill level 5 in Charms
 94697 | Elf:1    | Identified the Papyrus of Attacks (You found it on level 1 of the Elven Halls)
 94877 | Elf:2    | Reached skill level 5 in Air Magic
 94905 | Elf:2    | Found a huge runed gate.
 94905 | Elf:2    | Found a huge runed gate.
 94905 | Elf:2    | Found a huge runed gate.
 94913 | Elf:2    | Found a huge runed gate.
 94944 | Elf:2    | Found a huge runed gate.
 95474 | Elf:2    | Reached skill level 6 in Charms
 96407 | Lair:1   | Learned a level 3 spell: Teleport Other
 96409 | Lair:1   | Learned a level 1 spell: Summon Butterflies
 96415 | Lair:1   | Learned a level 5 spell: Phase Shift
 96421 | Lair:1   | Learned a level 5 spell: Warp Weapon
 96426 | Lair:1   | Learned a level 4 spell: Force Lance
 96914 | Depths:4 | Reached skill level 1 in Evocations
 97218 | Depths:4 | Reached skill level 7 in Spellcasting
 97253 | Depths:5 | Reached skill level 6 in Air Magic
 97300 | Depths:5 | Found Haprehil's Food Shop.
 97474 | Depths:5 | Reached skill level 2 in Evocations
 97741 | Depths:5 | Killed a juggernaut
 97741 | Depths:5 | Reached skill level 7 in Charms
 98407 | Depths:5 | Reached skill level 3 in Evocations
 98559 | Depths:5 | Found a gate to the Realm of Zot.
 98727 | Depths:5 | Reached skill level 7 in Translocations
 99095 | Depths:5 | Found a portal to a secret trove of treasure.
 99308 | Depths:5 | Found Utean's Jewellery Boutique.
 99312 | Depths:5 | Bought the ring "Cool" {Wiz -Tele rC+ Str+10 SInv} for 1144 gold pieces
 99312 | Depths:5 | Bought an uncursed ring of protection from fire for 450 gold pieces
 99342 | Depths:5 | Found Fualyadgh's Magic Scroll Shoppe.
 99880 | Depths:2 | Reached skill level 1 in Summonings
100278 | Vaults:5 | Entered Level 5 of the Vaults
100301 | Vaults:5 | Reached skill level 7 in Air Magic
100302 | Vaults:5 | Reached skill level 4 in Evocations
100306 | Vaults:5 | Reached skill level 1 in Conjurations
100333 | Vaults:5 | Reached XP level 25. HP: 120/224 MP: 8/36
100357 | Vaults:5 | Reached skill level 2 in Conjurations
100409 | Vaults:5 | Reached skill level 2 in Summonings
100514 | Vaults:5 | Identified a scroll of acquirement
100901 | Vaults:5 | Reached skill level 8 in Spellcasting
101004 | Vaults:5 | Reached skill level 3 in Summonings
101048 | Vaults:5 | Reached skill level 3 in Conjurations
101065 | Vaults:5 | Reached skill level 8 in Charms
101244 | Vaults:5 | Reached skill level 5 in Evocations
101405 | Vaults:5 | Noticed an ancient lich
101421 | Vaults:5 | Killed an ancient lich
101421 | Vaults:5 | Reached skill level 4 in Conjurations
101965 | Vaults:5 | Identified Lehudib's Handbook of Flamy Blows and Bruises (You found it on level 5 of the Vaults)
102013 | Vaults:5 | Reached skill level 8 in Translocations
102029 | Vaults:5 | Reached skill level 4 in Summonings
102121 | Vaults:5 | Got a bound bronze amulet
102122 | Vaults:5 | Identified the amulet "Lusik" {+Rage rPois Str+3 Dex+2} (You took it off an ironbrand convoker on level 5 of the Vaults)
102171 | Vaults:5 | Got a heavily runed scale mail
102172 | Vaults:5 | Identified the cursed +0 scale mail of Truth {*Confuse rElec rN+ Int-2} (You found it on level 5 of the Vaults)
102373 | Vaults:5 | Got a diamond-studded chain mail
102374 | Vaults:5 | Identified the +2 chain mail "Nukuifue" {+Inv MR+ Int-2 SInv} (You found it on level 5 of the Vaults)
102473 | Vaults:5 | Reached skill level 1 in Fire Magic
102553 | Vaults:5 | Reached skill level 8 in Air Magic
102635 | Vaults:5 | Got a silver rune of Zot
102644 | Vaults:5 | Identified Rucofiuf's Collected Works on Slavery
102651 | Vaults:5 | Learned a level 5 spell: Aura of Abjuration
102875 | Vaults:5 | Reached skill level 2 in Fire Magic
103739 | Lair:1   | Identified a +2 rod of shadows (10/10) (You took it off an ironbrand convoker on level 5 of the Vaults)
103858 | Shoals:1 | Reached skill level 5 in Conjurations
103858 | Shoals:1 | Reached skill level 6 in Evocations
103858 | Shoals:1 | Reached XP level 26. HP: 234/234 MP: 36/36
103959 | Shoals:4 | Entered Level 4 of the Shoals
104104 | Shoals:4 | Reached skill level 3 in Fire Magic
104342 | Shoals:4 | Noticed Ilsuiw
104727 | Shoals:4 | Reached skill level 4 in Fire Magic
104897 | Shoals:4 | Noticed alcopop's ghost (adept CeAM)
104912 | Shoals:4 | Killed alcopop's ghost
104912 | Shoals:4 | Reached skill level 9 in Charms
105151 | Shoals:4 | Reached skill level 13 in Stealth
105416 | Shoals:4 | Reached skill level 5 in Fire Magic
105446 | Shoals:3 | Killed Ilsuiw
105446 | Shoals:3 | Reached skill level 19 in Invocations
105731 | Shoals:4 | Identified a +3 rod of shadows (14/14) (You found it on level 4 of the Shoals)
105869 | Shoals:4 | Got a barnacled rune of Zot
106849 | Slime:1  | Entered Level 1 of the Pits of Slime
107349 | Slime:2  | Reached skill level 6 in Fire Magic
107623 | Slime:4  | Gained mutation: You are frail (-10% HP). [a shining eye]
107720 | Slime:6  | Entered Level 6 of the Pits of Slime
107803 | Slime:6  | Reached skill level 9 in Spellcasting
107810 | Slime:6  | Reached skill level 7 in Evocations
108057 | Slime:6  | Reached skill level 5 in Summonings
108061 | Slime:6  | Reached skill level 7 in Fire Magic
108092 | Slime:5  | Reached skill level 9 in Translocations
108473 | Slime:6  | Noticed the royal jelly
108482 | Slime:6  | Killed the royal jelly
108482 | Slime:6  | Reached skill level 14 in Stealth
108482 | Slime:6  | Reached skill level 8 in Fire Magic
109309 | Slime:6  | Gained mutation: Scrolls take you a little longer to read. [a shining eye]
109925 | Slime:6  | Got a slimy rune of Zot
110046 | Slime:6  | Got a smoking amber ring
110049 | Slime:6  | Identified the ring of Emibb {+Fly rElec} (You found it on level 6 of the Pits of Slime)
110106 | Slime:6  | Lost mutation: Scrolls take you a little longer to read. [potion of cure mutation]
110106 | Slime:6  | Lost mutation: You are frail (-10% HP). [potion of cure mutation]
110106 | Slime:6  | Lost mutation: You possess an exceptional clarity of mind. [potion of cure mutation]
110106 | Slime:6  | Lost mutation: You have large cloven feet. [potion of cure mutation]
110160 | Slime:6  | Got an encrusted ring mail
110161 | Slime:6  | Identified the +4 ring mail of Jynwiworch {rC+ Stlth+} (You found it on level 6 of the Pits of Slime)
110607 | Crypt:1  | Entered Level 1 of the Crypt
110765 | Crypt:1  | Reached XP level 27. HP: 240/240 MP: 36/36
110915 | Crypt:1  | Reached skill level 6 in Summonings
110948 | Crypt:1  | Reached skill level 9 in Fire Magic
110982 | Crypt:1  | Reached skill level 10 in Charms
110986 | Crypt:1  | Reached skill level 8 in Evocations
112099 | Crypt:3  | Entered Level 3 of the Crypt
112173 | Crypt:3  | Noticed Frederick
112186 | Crypt:3  | Killed Frederick
112536 | Crypt:3  | Reached skill level 10 in Fire Magic
112570 | Crypt:3  | Found an ancient bone altar of Kikubaaqudgha.
112615 | Crypt:3  | Reached skill level 10 in Translocations
112687 | Crypt:3  | Reached skill level 7 in Summonings
112703 | Crypt:3  | Reached skill level 20 in Invocations
112845 | Crypt:3  | Reached skill level 15 in Stealth
113163 | Crypt:3  | Reached skill level 9 in Evocations
113222 | Crypt:3  | Got a steaming jade ring
113223 | Crypt:3  | Identified the ring "Luchui Kerch" {-Tele rPois AC+3 Str+5} (You found it on level 3 of the Crypt)
113522 | Crypt:3  | Found a staircase to the Tomb.
113573 | Crypt:3  | Identified Jaasosiull's Reference Book on the Mountains (You found it on level 3 of the Crypt)
113657 | Crypt:3  | Reached skill level 8 in Summonings
113657 | Crypt:3  | Reached skill level 12 in Fire Magic
113728 | Crypt:3  | Got a clouded granite ring
113729 | Crypt:3  | Identified the ring "Zetuwa" {rC+ Dex+2} (You found it on level 3 of the Crypt)
113860 | Crypt:3  | Reached skill level 10 in Spellcasting
114781 | Elf:3    | Entered Level 3 of the Elven Halls
115060 | Elf:3    | Reached skill level 9 in Summonings
115606 | Elf:3    | Reached skill level 11 in Charms
115716 | Elf:3    | Reached skill level 13 in Fire Magic
115798 | Elf:3    | Reached skill level 10 in Evocations
116164 | Elf:3    | Got a dull robe
116214 | Elf:3    | Identified the +1 robe of Liberalism {Int+2} (You took it off a deep elf conjurer on level 3 of the Elven Halls)
116228 | Elf:3    | Got a brightly glowing lajatang {distort}
116229 | Elf:3    | Identified the +1 lajatang of Rasustyi {distort, Int+4} (You took it off a deep elf annihilator on level 3 of the Elven Halls)
116259 | Elf:3    | Got a spiked shield
116260 | Elf:3    | Identified the +4 shield "Tirix" {rPois Dex+4} (You took it off a deep elf summoner on level 3 of the Elven Halls)
116401 | Elf:3    | Identified Borgnjor's Catalogue of Darkness (You found it on level 3 of the Elven Halls)
116404 | Elf:3    | Identified the Almanac of Poisoning (You found it on level 3 of the Elven Halls)
116460 | Elf:3    | Identified the Incunabulum of Arcane Weapons
116463 | Elf:3    | Identified the Guide on Conjuration
116950 | Zig:1    | Entered Level 1 of a ziggurat
117016 | Zig:2    | Entered Level 2 of a ziggurat
117062 | Zig:3    | Entered Level 3 of a ziggurat
117097 | Zig:3    | HP: 55/240 [iron dragon/spray of metal splinters (21)]
117490 | Zig:4    | Entered Level 4 of a ziggurat
117512 | Zig:4    | Reached skill level 16 in Stealth
117670 | Zig:5    | Entered Level 5 of a ziggurat
117792 | Zig:6    | Entered Level 6 of a ziggurat
117818 | Zig:6    | Reached skill level 14 in Fire Magic
117951 | Zig:6    | Identified a +2 rod of ignition (12/12) (You found it on level 6 of a ziggurat)
117958 | Zig:6    | Gained mutation: Your muscles are strong. (Str +2) [potion of beneficial mutation]
117970 | Zig:6    | Identified Siafu's Tome of Stolen Souls and Shape Shifting (You found it on level 6 of a ziggurat)
117980 | Zig:7    | Entered Level 7 of a ziggurat
118010 | Zig:7    | Reached skill level 10 in Summonings
118154 | Zig:7    | Identified a +7 rod of shadows (11/11) (You found it on level 7 of a ziggurat)
118188 | Zig:8    | Entered Level 8 of a ziggurat
118409 | Zig:8    | Reached skill level 12 in Charms
118409 | Zig:8    | Reached skill level 11 in Translocations
118442 | Zig:9    | Entered Level 9 of a ziggurat
118771 | Zig:9    | Got a warped lajatang
118772 | Zig:9    | Identified the cursed +3 lajatang "Baul" {speed, *Drain rF- rN+++ SInv} (You found it on level 9 of a ziggurat)
118783 | Zig:10   | Entered Level 10 of a ziggurat
118884 | Zig:10   | Got a pair of crude boots
118895 | Zig:10   | Identified the +0 pair of boots of the Cockroach {Regen+ rCorr} (You acquired it on level 10 of a ziggurat)
118915 | Zig:10   | Got a vibrating lapis lazuli ring
118916 | Zig:10   | Identified the ring "Hast" {rElec rPois MP-9 Int+6} (You found it on level 10 of a ziggurat)
118935 | Zig:11   | Entered Level 11 of a ziggurat
118944 | Zig:11   | Noticed a juggernaut
118961 | Zig:11   | Killed a juggernaut
118998 | Zig:11   | HP: 48/242 [iron dragon (14)]
119009 | Zig:11   | HP: 29/242 [crystal guardian/crystal bolt (43)]
119019 | Zig:11   | Got a pair of faintly humming boots
119020 | Zig:11   | HP: 46/242 [crystal guardian/crystal bolt (16)]
119020 | Zig:11   | Gained mutation: You expend magic power (3 MP) to strengthen your wands. [mutagenic glow]
119104 | Depths:2 | Identified the +2 pair of boots "Leful" {rElec MP+9 Int+3} (You found it on level 11 of a ziggurat)
119320 | Depths:4 | Reached skill level 19 in Fighting
119670 | Lair:1   | Learned a level 2 spell: Repel Missiles
119932 | Zot:1    | Entered Level 1 of the Realm of Zot
120159 | Zot:1    | Reached skill level 11 in Evocations
121175 | Zot:2    | HP: 60/241 [bone dragon (3)]
121179 | Zot:2    | HP: 27/241 [death cob (5)]
121186 | Zot:2    | HP: 23/241 [poisoned by a death drake (dark miasma)]
121748 | Zot:2    | Reached skill level 21 in Axes
121748 | Zot:2    | Reached skill level 17 in Armour
123079 | Zot:3    | Reached skill level 20 in Fighting
123996 | Zot:3    | Noticed an orb of fire
123998 | Zot:3    | Gained mutation: You are occasionally teleported next to monsters. [an orb of fire]
124060 | Zot:3    | Killed an orb of fire
124259 | Zot:3    | Reached skill level 12 in Evocations
124741 | Zot:3    | Got a glittering golden ring
124742 | Zot:3    | Identified the ring of Untruth {MR++ Str+4 Int+3 Dex-5} (You found it on level 3 of the Realm of Zot)
124992 | Zot:4    | Reached skill level 18 in Armour
125001 | Zot:4    | Reached skill level 22 in Axes
125436 | Zot:4    | Learned a level 5 spell: Fireball
125861 | Zot:5    | Entered Level 5 of the Realm of Zot
126014 | Zot:5    | Reached skill level 21 in Invocations
126747 | Zot:5    | Noticed an ancient lich
126752 | Zot:5    | Killed an ancient lich
126870 | Zot:5    | Noticed an ancient lich
126953 | Zot:5    | Killed an ancient lich
126953 | Zot:5    | Reached skill level 21 in Fighting
126953 | Zot:5    | Reached skill level 23 in Axes
127628 | Zot:5    | Noticed an ancient lich
127635 | Zot:5    | Killed an ancient lich
127945 | Zot:5    | Noticed an orb of fire
128115 | Zot:5    | Noticed an orb of fire
128126 | Zot:5    | Lost mutation: Your muscles are strong. (Str +2) [an orb of fire]
128515 | Zot:5    | Noticed an orb of fire
128517 | Zot:5    | Gained mutation: You are frail (-10% HP). [an orb of fire]
128520 | Zot:5    | Killed an orb of fire
128525 | Zot:5    | Killed an orb of fire
128648 | Zot:5    | Killed an orb of fire
128656 | Zot:5    | Reached skill level 24 in Axes
128778 | Zot:5    | Reached skill level 19 in Armour
128844 | Zot:5    | Noticed an orb of fire
128844 | Zot:5    | Gained mutation: You are dopey. (Int -2) [an orb of fire]
128848 | Zot:5    | Gained mutation: Your body sometimes deteriorates upon taking damage. [an orb of fire]
128852 | Zot:5    | Gained mutation: Your spells are a little easier to cast, but a little less powerful. [an orb of fire]
128859 | Zot:5    | Killed an orb of fire
128859 | Zot:5    | Reached skill level 22 in Invocations
128946 | Zot:4    | Lost mutation: Your spells are a little easier to cast, but a little less powerful. [potion of cure mutation]
128946 | Zot:4    | Lost mutation: You are frail (-10% HP). [potion of cure mutation]
128946 | Zot:4    | Lost mutation: You expend magic power (3 MP) to strengthen your wands. [potion of cure mutation]
128946 | Zot:4    | Lost mutation: You are dopey. (Int -2) [potion of cure mutation]
128978 | Zot:5    | Noticed an ancient lich
128981 | Zot:4    | Lost mutation: Your body sometimes deteriorates upon taking damage. [potion of cure mutation]
128981 | Zot:4    | Lost mutation: You are occasionally teleported next to monsters. [potion of cure mutation]
129077 | Zot:5    | Killed an ancient lich
129100 | Zot:5    | Noticed an orb of fire
129456 | Vaults:1 | Bought a potion of cure mutation for 525 gold pieces
129456 | Vaults:1 | Bought a potion of curing for 45 gold pieces
129456 | Vaults:1 | Bought a potion of curing for 45 gold pieces
129456 | Vaults:1 | Bought a potion of curing for 45 gold pieces
129666 | Depths:5 | Bought a meat ration for 55 gold pieces
129666 | Depths:5 | Bought a bread ration for 55 gold pieces
129666 | Depths:5 | Bought a meat ration for 55 gold pieces
129666 | Depths:5 | Bought a meat ration for 55 gold pieces
129666 | Depths:5 | Bought a bread ration for 55 gold pieces
129666 | Depths:5 | Bought a bread ration for 55 gold pieces
129666 | Depths:5 | Bought a bread ration for 55 gold pieces
129666 | Depths:5 | Bought a meat ration for 55 gold pieces
130134 | Zot:5    | Killed an orb of fire
130535 | Zot:5    | Reached skill level 25 in Axes
130599 | Zot:5    | Reached skill level 22 in Fighting
130838 | Zot:5    | Got the Orb of Zot
131098 | Depths:2 | Noticed Unopipte the pandemonium lord
131103 | Depths:2 | Killed Unopipte the pandemonium lord
131103 | Depths:2 | Reached skill level 12 in Dodging
131163 | Depths:2 | Noticed Hyigo the pandemonium lord
131186 | Depths:2 | HP: 58/254 [reaper/scythe of pain (20)]
131214 | Depths:3 | Noticed Penugh the pandemonium lord
131221 | Depths:3 | Killed Penugh the pandemonium lord
131258 | Depths:3 | Reached skill level 26 in Axes
131292 | Depths:3 | Noticed Qiaczed the pandemonium lord
131506 | Depths:1 | Noticed Yriycyoj the pandemonium lord
131626 | D:15     | Noticed Hairiodd the pandemonium lord
131641 | D:14     | Noticed Xoblyrra the pandemonium lord
131645 | D:14     | Killed Xoblyrra the pandemonium lord
131894 | D:8      | Killed Erolcha
132184 | D:1      | Noticed Plog the pandemonium lord
132197 | D:1      | Killed Plog the pandemonium lord
132197 | D:1      | Reached skill level 27 in Axes
132218 | D:$      | Escaped with the Orb!

Action                   |  1- 3 |  4- 6 |  7- 9 | 10-12 | 13-15 | 16-18 | 19-21 | 22-24 | 25-27 || total
-------------------------+-------+-------+-------+-------+-------+-------+-------+-------+-------++-------
Melee: Hand axe          |   123 |   262 |   432 |  1672 |       |       |       |       |       ||  2489
       Battleaxe         |       |       |       |   247 |  1815 |  1664 |  1721 |  1359 |  1413 ||  8219
       War axe           |       |       |       |       |    22 |     3 |       |       |       ||    25
       Executioner's axe |       |       |       |       |       |       |       |       |   502 ||   502
 Fire: Hand crossbow     |       |       |       |     3 |    52 |   143 |     3 |       |       ||   201
       Arbalest          |       |       |       |       |       |       |    84 |   289 |  1672 ||  2045
Throw: Stone             |       |     5 |    20 |    25 |       |       |       |       |       ||    50
       Throwing net      |       |       |     4 |     7 |     2 |     1 |       |     9 |    12 ||    35
       Tomahawk          |       |       |       |     2 |       |       |     1 |       |       ||     3
 Cast: Spectral Weapon   |       |       |       |       |       |     1 |       |       |     1 ||     2
       Portal Projectile |       |       |       |       |       |       |     1 |    10 |    34 ||    45
       Repel Missiles    |       |       |       |       |       |       |       |     3 |    13 ||    16
       Apportation       |       |       |       |       |       |       |       |     3 |    38 ||    41
       Phase Shift       |       |       |       |       |       |       |       |     1 |     8 ||     9
       Summon Butterflie |       |       |       |       |       |       |       |       |     5 ||     5
Invok: Divine Shield     |       |       |       |    13 |    16 |    12 |    15 |    11 |    11 ||    78
       Summon Divine War |       |       |       |       |     1 |    12 |     6 |    16 |    22 ||    57
       Brand Weapon With |       |       |       |       |       |     1 |       |       |       ||     1
       Cleansing Flame   |       |       |       |       |       |       |       |     1 |    15 ||    16
 Abil: Evoke Flight      |       |       |       |       |       |       |       |       |     5 ||     5
       Evoke Fog         |       |       |       |       |       |       |       |       |     5 ||     5
Evoke: Wand              |       |       |       |       |    16 |     2 |     3 |    24 |    33 ||    78
       Rod               |       |       |       |       |       |       |       |       |     1 ||     1
  Use: Scroll            |     2 |     8 |     7 |    13 |    27 |    10 |    12 |    23 |    51 ||   153
       Potion            |       |     7 |     2 |    10 |    13 |    15 |     6 |    14 |    31 ||    98
 Stab: Paralysed         |     3 |     4 |     9 |       |       |       |       |       |       ||    16
       Confused          |       |     1 |     2 |       |       |       |       |       |       ||     3
       Petrifying        |       |       |     4 |       |       |       |       |       |       ||     4
       Held in net/web   |       |       |     2 |       |       |       |       |       |     8 ||    10
       Petrified         |       |       |     2 |       |       |       |       |       |       ||     2
       Sleeping          |       |       |     4 |     1 |       |     3 |     2 |       |     2 ||    12
       Distracted        |       |       |       |       |       |     1 |     1 |       |     1 ||     3
  Eat: Fruit             |     3 |       |       |       |     9 |       |       |       |     8 ||    20
       Bread ration      |       |     2 |       |     3 |     3 |     5 |       |       |     7 ||    20
       Pizza             |       |     1 |       |       |       |     3 |       |     1 |     3 ||     8
       Chunk             |       |     2 |     4 |    36 |    18 |    26 |    53 |    62 |    31 ||   232
       Meat ration       |       |       |     2 |     2 |     5 |     1 |     1 |       |    14 ||    25
       Beef jerky        |       |       |       |     6 |     2 |     4 |       |     1 |     3 ||    16
       Royal jelly       |       |       |       |       |       |     1 |     2 |     2 |       ||     5

Vault maps used:
D:1:      ncdulo_halloftheorcs, kennysheep_pointless_box,
          minmay_splitting_lines, st_stairs_10, minmay_misc_feat_rows,
          ashenzari_altar_1
D:2:      minmay_misc_feat_nine_boxes, kennysheep_generic_room_13
D:3:      grunt_temple_overflow_gold_and_silver, first_bread,
          minmay_tree_intersection, hangedman_abyss_or_decor_lesser_grid
D:4:      xom_redecorated, uniq_robin, uniq_crazy_yiuf_cottage, uniq_menkaure
D:5:      lemuel_castle_with_subvaults, lemuel_doored_altar,
          kennysheep_mini_moat
D:6:      lemuel_crystal_altar, kennysheep_little_box, gup_sewer_entry_bubbles,
          uniq_sigmund
D:7:      kennysheep_mini, gammafunk_temple_overflow_claw, temple_hall
D:8:      makhleb_blood_cavern_becter, serial_ice, serial_ice_i, serial_ice_m,
          serial_ice_f, serial_ice_b, st_stairs_10, grunt_ogre_cave,
          nemelex_altar_shiori, uniq_erolcha
D:9:      lemuel_crystal_altar, david_orc_5
D:10:     basic_altar, small_statue_alley_a
D:11:     lair_0_dummy
D:12:     grunt_ministairs_4, grunt_tough_drop
D:13:     minmay_distorted_concentric_squares, basic_altar, serial_shops,
          nicolae_shop_crystal, grunt_ministairs_4, amethyst_killhole
D:14:     hangedman_vaults_entry_quadrant_bands,
          hangedman_abyss_or_decor_jellyfish_corner
D:15:     grunt_enter_depths_giant_problem, hangedman_decor_slide_cut
Lair:4:   dpeg_oklob_gauntlet, spider_nest_entry_web_field, lemuel_fruit_tree,
          serial_bayou_shore_a
Lair:5:   elwin_shoals_entry_rooms, serial_bayou_lagoon_a
Lair:6:   slime_altar_1, minivault_11, st_stairs_10, infiniplex_staircase_pool_2
Lair:7:   enter_volcano_1
Lair:8:   grunt_lair_end_beastmaster, st_stairs_3, kennysheep_basilisk_garden
Shoals:1: overgrown_tower, uniq_josephine, uniq_kirke
Shoals:2: serial_shops, nicolae_shop_behind_doors, uniq_donald, uniq_jorgrun
Shoals:3: hangedman_feature_mirror, st_sunken_temple
Shoals:4: shoals_end_hangedman, shoals_ilsuiw_ice, nicolae_shoals_hunting_party
Spider:4: grunt_spider_rune_parallel, uniq_agnes, uniq_asterion, uniq_louise,
          uniq_aizul
Slime:2:  nicolae_slime_welcoming_committee
Orc:1:    basic_altar
Orc:3:    serial_shops, nicolae_shop_trees, nicolae_orc_pool_cavern
Orc:4:    grunt_orc_tribal_feast, portal_ice_cave_entry_ice_beasts
Elf:1:    minmay_elf_arrival_circle, infiniplex_enter_wizlab_spiral,
          minmay_elf_sorcery, spider_trap, hangedman_glass_teeth
Elf:3:    minmay_elf_hall_quartered_circle, nicolae_elf_stone_circles
Vaults:1: vaults_dpeg_hooks, ontoclasm_vaults_fault, ontoclasm_vaults_eye,
          v_pattern_5, v_misc_16, v_misc_30, nicolae_vaults_little_squares_1,
          serial_shops, nicolae_shop_trees
Vaults:2: nicolae_vaults_little_squares_6, vaults_dpeg_doors,
          nicolae_vaults_stairing_the_circle, nicolae_vaults_circle_grid_b,
          vaults_mumra_chevron_long, nicolae_vaults_angled_halls,
          ontoclasm_vaults_idyll, vaults_dpeg_ring, nicolae_vaults_theta,
          uniq_xtahua
Vaults:3: hangedman_vaults_locks, minmay_crypt_entry_necro_gods, v_misc_26,
          v_misc_13, nicolae_vaults_ring_of_whatevers, vaults_room_large_hall,
          nicolae_vaults_circle_grid_a, v_alt_pattern_4, v_misc_11,
          vaults_dpeg_spiral, ontoclasm_vaults_spin,
          ontoclasm_vaults_decontamination, st_check, ontoclasm_vaults_ligature,
          hangedman_vaults_maws, vaults_mumra_hex, serial_shops, shop,
          basic_altar
Vaults:4: hangedman_vaults_corner_blocks, grunt_vaults_hallway_short,
          dpeg_vaults_monster_row, v_misc_8, hangedman_vaults_variations,
          hangedman_vaults_unwind, hangedman_vaults_trim,
          hangedman_vaults_stretched_pinwheel,
          nicolae_vaults_diagonal_hallway_7, nicolae_vaults_three_branches,
          vaults_room_corners, v_misc_13, vaults_room_grid, grunt_vaults_focal,
          grunt_vaults_hallway_short, serial_shops, shop
Vaults:5: serial_shops
Crypt:1:  moated_statue, grunt_crypt_arrival_webbed
Crypt:2:  stair_cage_line, feat_on_display
Crypt:3:  grunt_crypt_end_deaths_head, uniq_frederick
Depths:1: serial_shops, shop, pf_coc_iceberg, kennysheep_minor_cross,
          hangedman_decor_clover_reticule, kennysheep_generic_room_14
Depths:2: minmay_expanding_circles, enter_ziggurat_f, minmay_room_of_horrors,
          pf_vacation_house_of_asmodeus, grunt_decor_clamped
Depths:3: hangedman_arrow_trap, serial_sigils_hangedman_stare,
          grunt_mini_vestibule, serial_co_window_serial, co_window_paths_b,
          co_window_of_opportunity_a, co_window_corner_a, co_window_cross_1,
          co_window_cross_1, co_window_paths_a, co_window_paths_a,
          co_window_corner_b, co_window_broadway_b, co_window_of_opportunity_b,
          co_window_2corner, co_window_broadway_b, glass_columns_a,
          glass_columns_a, glass_columns_a, glass_columns_b, pan_entry,
          uniq_sojobo, uniq_mennas, uniq_boris
Depths:4: kennysheep_ambush_hall, abyss_entry_small_statue_room, hell_entry,
          minivault_14, minmay_misc_feat_encased,
          onia_ninara_dug_in_and_dangerous
Depths:5: grunt_zot_entry_alcove, enter_trove_0, hell_entry, serial_shops,
          nicolae_shop_behind_doors, nicolae_shop_stone, shop
Zot:1:    grunt_ministairs_2
Zot:2:    hangedman_snap_crack_crunch
Zot:3:    minmay_elemental_castle
Zot:4:    bh_zot_lava_cross
Zot:5:    st_stairs_1
Sewer:    sewer_big_baddie
IceCv:    ice_cave_tombish
Volcano:  volcano_aerie
WizLab:   wizlab_golubria

Table legend:
 A = Turns spent in this place as a percentage of turns spent in the entire game.
 B = Non-inter-level travel turns spent in this place as a percentage of non-inter-level travel turns spent in the entire game.
 C = Inter-level travel turns spent in this place as a percentage of turns spent in this place.
 D = Turns resting spent in this place as a percentage of non-inter-level travel turns spent in this place.
 E = Turns spent auto-exploring this place as a percentage of non-inter-level travel turns spent in this place.
 F = Non-inter-level travel turns spent in this place divided by the number of levels of this place that you've seen.
                   A       B       C       D       E      F
               +-------+-------+-------+-------+-------+----------------------
         Total | 100.0 | 100.0 |   0.5 |   3.5 |   1.9 | 654.2
       Dungeon |  22.8 |  22.8 |   0.7 |   2.5 |   2.7 | 765.5
          Lair |  12.1 |  12.0 |   0.8 |   3.6 |   1.4 | 757.6
        Shoals |   4.4 |   4.4 |   0.4 |   3.3 |   2.7 | 553.2
   Spider Nest |   5.2 |   5.2 |   0.5 |   4.4 |   2.6 | 653.0
    Slime Pits |   2.5 |   2.5 |   0.2 |   5.6 |   1.5 | 214.0
  Orcish Mines |   3.0 |   3.0 |   1.0 |   4.0 |   2.7 | 373.0
   Elven Halls |   3.6 |   3.6 |   0.2 |   3.3 |   2.9 | 611.7
        Vaults |  15.9 |  15.9 |   0.3 |   2.9 |   1.3 | 1599.4
         Crypt |   2.7 |   2.7 |   0.4 |   1.9 |   5.8 | 458.3
        Depths |  14.3 |  14.4 |   0.4 |   4.9 |   1.2 | 1447.4
           Zot |   8.3 |   8.3 |   0.3 |   4.0 |   1.6 | 837.4
      Ziggurat |   2.3 |   2.3 |   0.0 |   4.7 |   0.0 | 105.4
         Sewer |   0.2 |   0.2 |   0.0 |   0.0 |   0.0 | 117.0
      Ice Cave |   0.9 |   0.9 |   0.0 |   5.7 |   0.2 | 458.0
       Volcano |   0.5 |   0.5 |   0.0 |   3.3 |   0.0 | 240.0
        Wizlab |   1.2 |   1.2 |   0.0 |   3.2 |   1.8 | 625.0
               +-------+-------+-------+-------+-------+----------------------

Table legend:
 A = Kills in this place as a percentage of kills in entire the game.
 B = Kills by you in this place as a percentage of kills by you in the entire game.
 C = Kills by friends in this place as a percentage of kills by friends in the entire game.
 D = Other kills in this place as a percentage of other kills in the entire game.
 E = Experience gained in this place as a percentage of experience gained in the entire game.
 F = Experience gained in this place divided by the number of levels of this place that you have seen.
                   A       B       C       D       E      F
               +-------+-------+-------+-------+-------+----------------------
         Total | 100.0 | 100.0 | 100.0 | 100.0 | 100.0 | 27334.8
       Dungeon |  18.5 |  19.2 |   3.0 |  11.1 |   4.9 | 6818.9
          Lair |   8.7 |   9.1 |   0.0 |   0.0 |   3.4 | 8924.1
        Shoals |   4.9 |   5.0 |   3.0 |   0.0 |   4.8 | 25121.8
   Spider Nest |   6.4 |   5.4 |  31.8 |   0.0 |   3.7 | 19632.5
    Slime Pits |   3.5 |   3.6 |   0.0 |   0.0 |   4.1 | 14420.7
  Orcish Mines |   5.8 |   6.1 |   0.0 |   0.0 |   0.6 | 3277.2
   Elven Halls |   4.9 |   4.9 |   5.3 |   0.0 |   5.4 | 38136.0
        Vaults |  15.4 |  14.9 |  25.0 |  33.3 |  17.1 | 71850.8
         Crypt |   6.1 |   6.4 |   0.0 |   0.0 |   7.1 | 49763.7
        Depths |  13.9 |  14.0 |  13.6 |   3.7 |  21.9 | 92087.4
           Zot |   6.4 |   6.3 |   6.8 |  14.8 |  22.0 | 92523.0
      Ziggurat |   3.4 |   2.8 |  11.4 |  37.0 |   3.8 | 7193.5
         Sewer |   0.2 |   0.2 |   0.0 |   0.0 |   0.0 | 109.0
      Ice Cave |   0.6 |   0.6 |   0.0 |   0.0 |   0.2 | 3927.0
       Volcano |   0.3 |   0.3 |   0.0 |   0.0 |   0.1 | 3116.0
        Wizlab |   1.1 |   1.2 |   0.0 |   0.0 |   1.0 | 20166.0
               +-------+-------+-------+-------+-------+----------------------
